[Event "3rd Sunway Formentera-A 2024"]
[Site "Formentera"]
[Date "2024.04.12"]
[Round "4.8"]
[White "Schulman, Julia"]
[Black "Zubizarreta Landera, Amets"]
[Result "0-1"]
[ECO "B68"]
[WhiteElo "1732"]
[BlackElo "2110"]
[Annotator "TA"]
[PlyCount "104"]
[EventDate "2024.04.03"]
[EventType "swiss"]
[EventCountry "ESP"]
[SourceTitle "playchess.com"]
[Source "ChessBase"]
[SourceQuality "1"]
[TimeControl "40/5400+30:1800+30"]

1. e4 c5 2. Nf3 d6 3. d4 cxd4 4. Nxd4 Nf6 5. Nc3 Nc6 6. Bg5 e6 7. Qd2 a6 8. O-O-O Bd7 9. f4 Be7 10. Bxf6 (10. Nf3 $14) 10... Bxf6 $11 11. Nf3 Be7 $1 12. Kb1 b5 {[%emt 0:04:01] The position is equal.} 13. e5 d5 14. f5 Qb6 15. g4 O-O-O (15... exf5 $2 16. Nxd5 (16. Qxd5 $2 Be6 $19) 16... Qa7 17. Qf4 $18) (15... b4 $5 16. Ne2 exf5 17. gxf5 Bxf5 $11) 16. Bd3 Bb4 17. a3 Ba5 (17... Be7 $11 {and Black is okay.}) 18. b4 $18 Bxb4 19. axb4 Nxb4 20. Na2 Nc6 21. c3 Kb7 22. Nb4 Na5 23. Nd4 {[%emt 0:00:46] Inhibits Nb3.} Ka7 $2 (23... Rc8 24. h4 Rc5) 24. Qb2 (24. fxe6 $142 fxe6 25. Kb2) 24... Rb8 $2 (24... Rc8 {keeps fighting.} 25. fxe6 Bxe6) 25. Kc2 {[%emt 0:02:39] Strongly threatening Ra1.} Rhc8 26. Kd2 Nb7 $2 (26... Ra8 27. Ra1 Kb7 28. fxe6 Bxe6) 27. Ra1 a5 28. Ra2 (28. Rhf1 $142 {fxe6 would now be deadly.} Rc7 29. Nbc2 exf5 30. Na3 (30. Bxb5 Rc5 $18) (30. Nxb5+ Bxb5 31. Qxb5 Qxb5 $18) (30. gxf5 Rc5 $18)) 28... Rc7 $2 (28... Nc5 29. Qa1 a4) 29. Nbc2 Nc5 30. Rha1 Na4 {[%emt 0:00:00] [#]} 31. Rxa4 bxa4 $16 32. Qxb6+ Rxb6 33. Na3 {[%emt 0:00:37] Excellent horsemanship.} ({White should play} 33. Ne3 $16) 33... Rb2+ 34. Bc2 Rcb7 35. Rb1 (35. Nb1 $14) 35... Ra2 (35... Rxb1 $1 $15 36. Nxb1 exf5 37. gxf5 Kb6) 36. Rxb7+ Kxb7 37. Nab5 {[%emt 0:01:06][%mdl 8192] White is now going downhill.} (37. Nb1 $11) 37... Bxb5 $19 38. Nxb5 a3 39. Nd6+ Kc7 40. Nxf7 Ra1 41. Bb3 (41. Ng5 $142 exf5 42. gxf5) 41... a2 42. Bxa2 Rxa2+ {[%emt 0:00:01][%mdl 4096] Endgame. KR-KN} 43. Kc1 exf5 44. gxf5 Rxh2 45. Nd6 Kd7 46. Nb5 Rf2 47. e6+ Ke7 {[%emt 0:01:10][%cal Oa5a4] And now ...a4! would win.} 48. Nd4 Rf4 {[%emt 0:00:04][%cal Of4d4] ( -> ...Rxd4!)} 49. Kd2 {[%emt 0:00:48] [#]} Rxd4+ $1 {[%emt 0:00:18] Black mates.} 50. cxd4 h5 51. Ke3 a4 52. Kf4 a3 {[%emt 0:00:03] Weighted Error Value: White=1.25/Black=0.58.  Loses game:     	White=1     	Black=1      Missed win:     	White=1     	---        Mistake:       	White=4     	Black=5      Inaccurate:     	White=3     	Black=2      OK:         	White=6     	Black=6      Best:        	White=2     	Black=2      Strong:       	---       	Black=1} 0-1

[Event "3rd Sunway Formentera-A 2024"]
[Site "Formentera"]
[Date "2024.04.12"]
[Round "4.9"]
[White "Mekhane, Adam"]
[Black "Alsina Leal, Daniel"]
[Result "1/2-1/2"]
[ECO "B49"]
[WhiteElo "2307"]
[BlackElo "2497"]
[Annotator "TA"]
[PlyCount "66"]
[EventDate "2024.04.03"]
[EventType "swiss"]
[EventCountry "ESP"]
[SourceTitle "playchess.com"]
[Source "ChessBase"]
[SourceQuality "1"]
[TimeControl "40/5400+30:1800+30"]

1. e4 c5 2. Nf3 e6 3. d4 cxd4 4. Nxd4 Nc6 5. Nc3 Qc7 6. Be3 a6 7. a3 b5 8. Nxc6 Qxc6 9. Be2 Bb7 10. O-O Bd6 11. Qd4 Nf6 12. Rfd1 Bb8 13. a4 Qc7 14. e5 {[%emt 0:07:05] Active counter play!} Qxe5 15. Qxe5 Bxe5 16. axb5 axb5 17. Rxa8+ Bxa8 18. Bc5 Bxc3 19. Ra1 Bc6 ({Not} 19... Bxb2 20. Rxa8#) 20. bxc3 {[%emt 0:04:26][%cal Oe2b5] [#] Bxb5! would now be deadly.} Ne4 21. Bb4 {[%emt 0:00:53][%cal Oe2b5] aiming for Bxb5! This pair of bishops is nice.} f5 $1 22. f3 Nf6 {[%emt 0:01:10] [#]} 23. Bxb5 $1 Kf7 24. Bxc6 dxc6 $11 {[%emt 0:00:07][%mdl 4096] Endgame. KRB-KRN} 25. c4 e5 26. Ra7+ Kg6 27. Bd6 e4 28. Kf2 Rd8 29. c5 Rd7 30. Ra6 Rb7 31. Be5 {[%emt 0:01:04] Against Rb2} Rd7 (31... Re7 $11 {keeps the balance.} 32. Bxf6 Kxf6) 32. Bd6 ({White should try} 32. Rxc6 $16 {Threatens to win with Bxf6.} Rd2+ 33. Ke3 Rxc2 34. fxe4 fxe4 35. Bxf6 gxf6 36. Kxe4) 32... Rb7 $1 33. Be5 ({Better is} 33. Ke2 $11) 33... Rd7 {[%emt 0:16:10] Weighted Error Value: White=0.10 (very precise) /Black=0.06 (flawless) .  Mistake:       	White=2     	Black=1      Inaccurate:     	White=1     	---        OK:         	White=13    	Black=8      Best:        	---       	Black=2      Strong:       	---       	Black=2      Brilliant:      	White=1     	---} 1/2-1/2

[Event "3rd Sunway Formentera-A 2024"]
[Site "Formentera"]
[Date "2024.04.12"]
[Round "4.10"]
[White "Sosa, Tomas"]
[Black "Kazarian, Anna-Maja"]
[Result "1/2-1/2"]
[ECO "C03"]
[WhiteElo "2562"]
[BlackElo "2207"]
[Annotator "RC"]
[PlyCount "223"]
[EventDate "2024.04.03"]
[EventType "swiss"]
[EventCountry "ESP"]
[SourceTitle "playchess.com"]
[Source "ChessBase"]
[SourceQuality "1"]
[TimeControl "40/5400+30:1800+30"]

1. e4 e6 2. d4 d5 3. Nd2 Be7 4. e5 c5 5. Qg4 g5 6. Qh5 cxd4 7. Ndf3 Qc7 8. Kd1 Nc6 9. Nxg5 Bxg5 10. Bxg5 Qxe5 11. Nf3 Qg7 12. Bb5 Bd7 13. Re1 Qg6 14. Qh4 f6 15. Bxc6 bxc6 16. Qxd4 c5 17. Qxd5 Rd8 18. Bd2 Qxg2 19. Ba5 Rc8 20. Qd3 Qxf2 21. Nd2 Qd4 22. Qg3 Nh6 23. Bc3 Qg4+ 24. Qxg4 Nxg4 25. Ne4 Bc6 26. Nd6+ Ke7 27. Nxc8+ Rxc8 28. Rg1 e5 29. Ke2 Nxh2 30. Rg7+ Ke6 31. Rxh7 Ng4 32. Rxa7 Rh8 33. Re1 f5 34. Ra6 Kd5 35. Rd1+ Ke4 36. Rxc6 Rh2+ 37. Ke1 Ne3 38. Bxe5 Rh1+ 39. Ke2 Nxd1 40. Re6 f4 41. Bc7+ Kf5 42. Re5+ Kg4 43. Re4 Nxb2 44. Rxf4+ Kg5 45. Rf3 Rh7 46. Bd6 Ra7 47. a3 Ra5 48. Rc3 Na4 49. Rb3 Kf5 50. Kd3 Ke6 51. Bg3 Kd5 52. Rb8 c4+ 53. Kd2 Nc5 54. Rd8+ Kc6 55. Rc8+ Kd5 56. Rd8+ Kc6 57. Rc8+ Kd5 58. Kc3 Rxa3+ 59. Kb4 Rxg3 60. Rxc5+ Kd6 61. Rxc4 Rg1 62. Kb5 Rb1+ 63. Rb4 Rc1 64. Rd4+ Kc7 65. c4 Rb1+ 66. Kc5 Rh1 67. Rd5 Rg1 68. Rh5 Rg7 69. Kb5 Rf7 70. Rh6 Rg7 71. c5 Kb7 72. Rb6+ Kc7 73. Ra6 Rg1 74. Ra7+ Kb8 75. Rd7 Kc8 76. Kc6 Rg6+ 77. Rd6 Rg7 78. Rh6 Rc7+ 79. Kb5 Rb7+ 80. Rb6 Rg7 81. Ra6 Rh7 82. Kb6 Rb7+ 83. Kc6 Rc7+ 84. Kd5 Rd7+ 85. Rd6 Rh7 86. Kc6 Rc7+ 87. Kb5 Rb7+ 88. Kc4 Rg7 89. Ra6 Rh7 90. Rg6 Kc7 91. Kb5 Kc8 92. Rc6+ Kb7 93. Rf6 Kc8 94. Kb6 Rb7+ 95. Kc6 Rc7+ 96. Kd5 Rd7+ 97. Kc4 Rh7 98. Kb5 Rb7+ 99. Ka6 Rh7 100. Rc6+ Kb8 101. Rb6+ Kc8 102. Rb5 Rc7 103. Ka5 Ra7+ 104. Kb4 Rb7 105. Rb6 Rxb6+ 106. cxb6 Kb7 107. Kb5 Kb8 108. Kc5 Kb7 109. Kb5 Kb8 110. Kc6 Kc8 111. b7+ Kb8 112. Kb6 1/2-1/2

[Event "3rd Sunway Formentera-A 2024"]
[Site "Formentera"]
[Date "2024.04.12"]
[Round "4.11"]
[White "Botez, Andrea"]
[Black "Nurgali, Nazerke"]
[Result "1/2-1/2"]
[ECO "D00"]
[WhiteElo "1879"]
[BlackElo "2148"]
[Annotator "RC"]
[PlyCount "189"]
[EventDate "2024.04.03"]
[EventType "swiss"]
[EventCountry "ESP"]
[SourceTitle "playchess.com"]
[Source "ChessBase"]
[SourceQuality "1"]
[TimeControl "40/5400+30:1800+30"]

1. d4 d5 2. Nc3 Nf6 3. Bf4 e6 4. e3 Bd6 5. Nf3 h6 6. Bd3 b6 7. Ne2 Bb7 8. O-O c5 9. c3 O-O 10. Rc1 Nc6 11. Bb1 Qc7 12. dxc5 bxc5 13. Bxd6 Qxd6 14. e4 Rfd8 15. Ng3 Qf4 16. exd5 exd5 17. Re1 g6 18. Qb3 Qc7 19. Rcd1 Kg7 20. Qb5 Qb6 21. a4 Ba6 22. Qxb6 axb6 23. Ne5 Nxe5 24. Rxe5 Bc4 25. Bc2 d4 26. cxd4 cxd4 27. Rd2 d3 28. Bd1 Rac8 29. f3 Nd7 30. Re4 f5 31. Rd4 Ne5 32. Rxd8 Rxd8 33. Kf2 Nc6 34. f4 Na5 35. Ke3 Nc6 36. Kf2 Kf6 37. Nf1 Rd4 38. g3 g5 39. Ke3 gxf4+ 40. Kf2 Ne5 41. b4 Bd5 42. Rb2 Nc4 43. Rb1 fxg3+ 44. hxg3 f4 45. a5 bxa5 46. bxa5 Nxa5 47. Rb6+ Kg7 48. Nd2 fxg3+ 49. Kxg3 Bf7 50. Ra6 Nb7 51. Ra7 Rb4 52. Bf3 Nd6 53. Bd5 Kf6 54. Bxf7 Nxf7 55. Rd7 Ne5 56. Rd6+ Kf5 57. Rxh6 Rg4+ 58. Kf2 Rg8 59. Rd6 Ng4+ 60. Kf3 Rh8 61. Kg3 Ne5 62. Nf3 Rg8+ 63. Kf2 Ng4+ 64. Ke1 Re8+ 65. Kd2 Nf2 66. Rxd3 Nxd3 67. Kxd3 Kf4 68. Nd4 Rd8 69. Kc4 Ke4 70. Nc6 Rd5 71. Ne7 Rh5 72. Nc6 Rh1 73. Kc5 Rd1 74. Ne7 Rc1+ 75. Kd6 Ra1 76. Kc5 Ke5 77. Nc6+ Kf5 78. Nd4+ Kf6 79. Kd5 Ra5+ 80. Ke4 Re5+ 81. Kf4 Re8 82. Nc6 Rh8 83. Ke4 Rh4+ 84. Kd5 Rh5+ 85. Ke4 Rf5 86. Nd4 Rf1 87. Kd5 Rf4 88. Nc6 Rf5+ 89. Ke4 Rc5 90. Nd4 Rc1 91. Kd5 Kg5 92. Ne6+ Kg4 93. Nd4 Rd1 94. Ke5 Rxd4 95. Kxd4 1/2-1/2

[Event "3rd Sunway Formentera-A 2024"]
[Site "Formentera"]
[Date "2024.04.12"]
[Round "4.12"]
[White "Mohamed Anees M"]
[Black "Tsatsalashvili, Keti"]
[Result "1-0"]
[ECO "B66"]
[WhiteElo "2253"]
[BlackElo "2315"]
[Annotator "RC"]
[PlyCount "133"]
[EventDate "2024.04.03"]
[EventType "swiss"]
[EventCountry "ESP"]
[SourceTitle "playchess.com"]
[Source "ChessBase"]
[SourceQuality "1"]
[TimeControl "40/5400+30:1800+30"]

1. e4 c5 2. Nf3 d6 3. d4 cxd4 4. Nxd4 Nf6 5. Nc3 Nc6 6. Bg5 e6 7. Qd2 a6 8. O-O-O Be7 9. Bxf6 gxf6 10. f4 Nxd4 11. Qxd4 Qc7 12. Be2 Qc5 13. Qd2 b5 14. Bf3 b4 15. Ne2 e5 16. Kb1 a5 17. Ng3 a4 18. Nf5 Bxf5 19. exf5 Rc8 20. Bd5 Bd8 21. Rhf1 Bb6 22. Qe2 Rc7 23. Rf3 Rg8 24. Rh3 Rg7 25. fxe5 dxe5 26. Rhd3 Ke7 27. R3d2 Rg5 28. h4 Rg7 29. Bf3 b3 30. cxb3 axb3 31. axb3 Rg8 32. Bd5 Qe3 33. Qh5 Rg7 34. b4 Qf4 35. b5 Qg4 36. Bf3 Qxh5 37. Bxh5 Bd4 38. Bf3 Rg8 39. Re2 Kd6 40. b6 Rc4 41. b7 Kc7 42. Rc2 Rxc2 43. Kxc2 Re8 44. Ra1 Bf2 45. Ra8 Rb8 46. Ra4 Rd8 47. Rg4 h6 48. Rc4+ Kb8 49. b4 Be1 50. b5 Bf2 51. Ra4 Kc7 52. Ra8 Rb8 53. Be4 Bd4 54. Kb3 Be3 55. Ka4 Bf2 56. Ka5 Rxb7 57. Bxb7 Kxb7 58. Rf8 Be1+ 59. Ka4 Bxh4 60. Rxf7+ Kb6 61. Kb4 Bg5 62. Re7 h5 63. Re6+ Kb7 64. Kc5 Be3+ 65. Kd5 Bg5 66. b6 h4 67. Kc5 1-0

[Event "3rd Sunway Formentera-A 2024"]
[Site "Formentera"]
[Date "2024.04.13"]
[Round "5.1"]
[White "Moussard, Jules"]
[Black "Pranav, V."]
[Result "0-1"]
[ECO "A21"]
[WhiteElo "2610"]
[BlackElo "2604"]
[Annotator "RC"]
[PlyCount "46"]
[EventDate "2024.04.03"]
[EventType "swiss"]
[EventCountry "ESP"]
[SourceTitle "playchess.com"]
[Source "ChessBase"]
[SourceQuality "1"]
[TimeControl "40/5400+30:1800+30"]

1. c4 e5 2. Nc3 Bb4 3. Nf3 Bxc3 4. bxc3 e4 5. Nd4 Nf6 6. g3 O-O 7. Bg2 d5 8. cxd5 Qxd5 9. d3 Qa5 10. Nb3 Qxc3+ 11. Bd2 Qe5 12. Bf4 Qe7 13. dxe4 Nxe4 14. Qc2 Qb4+ 15. Kf1 Bf5 16. Qxc7 Nc6 17. Bxe4 Qxe4 18. f3 Qc2 19. Kf2 Rfe8 20. Rhe1 Nb4 21. Qxb7 Nd3+ 22. Kf1 Bh3+ 23. Kg1 Nxf4 0-1

[Event "3rd Sunway Formentera-A 2024"]
[Site "Formentera"]
[Date "2024.04.13"]
[Round "5.2"]
[White "Dragnev, Valentin"]
[Black "Ivanchuk, Vasyl"]
[Result "1/2-1/2"]
[ECO "C67"]
[WhiteElo "2571"]
[BlackElo "2611"]
[Annotator "RC"]
[PlyCount "105"]
[EventDate "2024.04.03"]
[EventType "swiss"]
[EventCountry "ESP"]
[SourceTitle "playchess.com"]
[Source "ChessBase"]
[SourceQuality "1"]
[TimeControl "40/5400+30:1800+30"]

1. e4 e5 2. Nf3 Nc6 3. Bb5 Nf6 4. O-O Nxe4 5. Re1 Nd6 6. Nxe5 Be7 7. Bf1 Nf5 8. Nf3 O-O 9. d4 d5 10. Nc3 Bb4 11. a3 Ba5 12. h3 Bb6 13. Ne2 Nce7 14. c3 c6 15. Nf4 Bc7 16. Nd3 Ng6 17. a4 Nd6 18. Nfe5 Ne4 19. Nxg6 fxg6 20. f3 Ng3 21. Ne5 Qh4 22. Qd2 Nxf1 23. Rxf1 Bxe5 24. dxe5 Be6 25. Qf2 Qc4 26. Be3 b6 27. a5 c5 28. Rfd1 h6 29. Qf1 Qxf1+ 30. Kxf1 g5 31. b4 Rac8 32. axb6 axb6 33. bxc5 bxc5 34. Ra5 d4 35. cxd4 Rfd8 36. d5 Rxd5 37. Rxd5 Bxd5 38. Bxc5 Ra8 39. Ba7 Be6 40. Kf2 Kf7 41. Kg3 Bd7 42. Ra6 Bf5 43. h4 Be6 44. hxg5 hxg5 45. f4 gxf4+ 46. Kxf4 Rh8 47. Bc5 Rh4+ 48. Kf3 Bd5+ 49. Kg3 Re4 50. Ra7+ Kg6 51. Rd7 Rxe5 52. Rxg7+ Kxg7 53. Bd4 1/2-1/2

[Event "3rd Sunway Formentera-A 2024"]
[Site "Formentera"]
[Date "2024.04.13"]
[Round "5.3"]
[White "Donchenko, Alexander"]
[Black "Xiao, Tong(Qd)"]
[Result "1/2-1/2"]
[ECO "E05"]
[WhiteElo "2633"]
[BlackElo "2484"]
[Annotator "RC"]
[PlyCount "194"]
[EventDate "2024.04.03"]
[EventType "swiss"]
[EventCountry "ESP"]
[SourceTitle "playchess.com"]
[Source "ChessBase"]
[SourceQuality "1"]
[TimeControl "40/5400+30:1800+30"]

1. Nf3 Nf6 2. g3 e6 3. Bg2 d5 4. O-O Be7 5. c4 O-O 6. d4 dxc4 7. Qc2 a6 8. a4 Bd7 9. Qxc4 Bc6 10. Bf4 Bd6 11. Qc1 a5 12. Nc3 Na6 13. Bd2 Nb4 14. Qb1 Nbd5 15. Bg5 Nxc3 16. bxc3 h6 17. Bxf6 Qxf6 18. Nd2 Bxg2 19. Kxg2 e5 20. Ne4 Qe6 21. Qxb7 exd4 22. cxd4 Rab8 23. Qc6 Rb6 24. Qc2 Qd5 25. Kg1 Qxd4 26. Rfd1 Qe5 27. Rab1 Rfb8 28. Rxb6 Rxb6 29. e3 Rb4 30. Nxd6 cxd6 31. Qc8+ Kh7 32. Qd7 Kg8 33. Rxd6 Rxa4 34. Qxa4 Qxd6 35. Qxa5 Qd3 36. Qa8+ Kh7 37. Qf3 Kg8 38. h4 Qb1+ 39. Kg2 Qd3 40. h5 Qb5 41. Qg4 Qd5+ 42. e4 Qc6 43. Qf5 Qb7 44. Qe5 Qa8 45. Kh3 Qc8+ 46. Kh2 Qa8 47. Kg2 Qc8 48. Qd5 Qb8 49. Kh3 Qc8+ 50. Kh4 Qc2 51. f3 Qc8 52. e5 Qb8 53. f4 Qc8 54. Qd3 Qc7 55. Qe3 Qd8+ 56. Kh3 Qd1 57. g4 Qh1+ 58. Kg3 Qd5 59. f5 Kf8 60. Qa3+ Kg8 61. Qe3 Kf8 62. Qc3 Kg8 63. Kf4 Kh7 64. Qe3 Kg8 65. e6 Qd6+ 66. Qe5 Qb4+ 67. Kf3 Qb3+ 68. Qe3 Qb7+ 69. Kf2 Qe7 70. Kg3 Qd6+ 71. Kh3 Qe7 72. Qb3 Qc7 73. Qb4 fxe6 74. fxe6 Qc6 75. Qb8+ Kh7 76. Qb1+ Kg8 77. Qb8+ Kh7 78. Qb3 Qe4 79. Kg3 g5 80. Kf2 Qf4+ 81. Qf3 Qd2+ 82. Kf1 Qd8 83. Qe4+ Kh8 84. Ke2 Qf6 85. Kd3 Qf1+ 86. Kd4 Qa1+ 87. Kc5 Qa5+ 88. Kc4 Qa4+ 89. Kd3 Qb3+ 90. Kd2 Qb2+ 91. Qc2 Qxc2+ 92. Kxc2 Kg7 93. Kd3 Kf6 94. Kd4 Kxe6 95. Ke4 Kf6 96. Kd5 Kf7 97. Ke5 Ke7 1/2-1/2

[Event "3rd Sunway Formentera-A 2024"]
[Site "Formentera"]
[Date "2024.04.13"]
[Round "5.4"]
[White "Balakrishnan, Praveen"]
[Black "Manish Anto Cristiano F"]
[Result "0-1"]
[ECO "E27"]
[WhiteElo "2500"]
[BlackElo "2293"]
[Annotator "RC"]
[PlyCount "100"]
[EventDate "2024.04.03"]
[EventType "swiss"]
[EventCountry "ESP"]
[SourceTitle "playchess.com"]
[Source "ChessBase"]
[SourceQuality "1"]
[TimeControl "40/5400+30:1800+30"]

1. d4 Nf6 2. c4 e6 3. Nc3 Bb4 4. f3 d5 5. a3 Bxc3+ 6. bxc3 O-O 7. cxd5 exd5 8. e3 Bf5 9. g4 Nxg4 10. h4 Nf6 11. h5 h6 12. Ne2 c5 13. Ng3 Bh7 14. Bd3 cxd4 15. exd4 Nc6 16. Bf4 Kh8 17. Kf2 Rc8 18. Nf5 Ne7 19. Nxg7 Kxg7 20. Bxh6+ Kh8 21. Bxf8 Qxf8 22. Bxh7 Nxh7 23. Qe1 Rc6 24. Qe5+ f6 25. Qe3 Nf5 26. Qd3 Qc8 27. Rac1 Rc4 28. h6 Nxd4 29. Rcd1 Ne6 30. Qxd5 Rxc3 31. Rhe1 Nhg5 32. Rd3 Rc2+ 33. Kf1 Nf4 34. Qd7 Qg8 35. Re8 Rc1+ 36. Kf2 Ngh3+ 37. Ke3 Re1+ 38. Kd2 Rxe8 39. Qg7+ Qxg7 40. hxg7+ Kxg7 41. Rd7+ Kg6 42. Rxb7 a5 43. a4 Ng5 44. Rb3 Re2+ 45. Kd1 Ra2 46. Ke1 Rxa4 47. Kf2 Ra2+ 48. Kg1 Ngh3+ 49. Kh1 Rg2 50. Rb2 Nf2+ 0-1

[Event "3rd Sunway Formentera-A 2024"]
[Site "Formentera"]
[Date "2024.04.13"]
[Round "5.5"]
[White "Alsina Leal, Daniel"]
[Black "Mohamed Anees M"]
[Result "1/2-1/2"]
[ECO "B07"]
[WhiteElo "2497"]
[BlackElo "2253"]
[Annotator "RC"]
[PlyCount "126"]
[EventDate "2024.04.03"]
[EventType "swiss"]
[EventCountry "ESP"]
[SourceTitle "playchess.com"]
[Source "ChessBase"]
[SourceQuality "1"]
[TimeControl "40/5400+30:1800+30"]

1. e4 d6 2. d4 Nf6 3. Nc3 e5 4. dxe5 dxe5 5. Qxd8+ Kxd8 6. Bc4 Be6 7. Bxe6 fxe6 8. f3 Nbd7 9. Nh3 Bd6 10. Nf2 a6 11. a4 Ke7 12. Ke2 c5 13. a5 h6 14. Nb1 Rhc8 15. Be3 c4 16. c3 Bc5 17. Nd1 Ne8 18. Nd2 Nd6 19. Ra4 Bxe3 20. Nxe3 Nc5 21. Ra2 Nd7 22. Ra4 Nc5 23. Rb4 Nd3 24. Rb6 Nf4+ 25. Kd1 Rc5 26. g3 Ng6 27. Ke2 Rac8 28. Ra1 Kd7 29. Ra4 Ne7 30. Rbb4 Nc6 31. Nexc4 Nxb4 32. Nb6+ Kc6 33. Nxc8 Nxc8 34. cxb4 Rc2 35. b3 Rc3 36. Nc4 Rxb3 37. Nxe5+ Kb5 38. Ra2 Rxb4 39. Nd3 Rb1 40. Rc2 Nd6 41. Rc5+ Ka4 42. Re5 Nb5 43. Ke3 Nc7 44. Nc5+ Kxa5 45. Nxb7+ Kb6 46. Nc5 Rb5 47. Kd4 a5 48. f4 Rxc5 49. Rxc5 Nb5+ 50. Kc4 Nd6+ 51. Kd4 Nb5+ 52. Rxb5+ Kxb5 53. Kc3 h5 54. h3 Kc5 55. g4 hxg4 56. hxg4 a4 57. g5 a3 58. f5 exf5 59. exf5 Kd6 60. Kb3 Ke5 61. f6 gxf6 62. gxf6 Kxf6 63. Kxa3 Ke5 1/2-1/2

[Event "3rd Sunway Formentera-A 2024"]
[Site "Formentera"]
[Date "2024.04.13"]
[Round "5.6"]
[White "Cervantes Landeiro, Thalia"]
[Black "Sosa, Tomas"]
[Result "1-0"]
[ECO "A43"]
[WhiteElo "2219"]
[BlackElo "2562"]
[Annotator "RC"]
[PlyCount "91"]
[EventDate "2024.04.03"]
[EventType "swiss"]
[EventCountry "ESP"]
[SourceTitle "playchess.com"]
[Source "ChessBase"]
[SourceQuality "1"]
[TimeControl "40/5400+30:1800+30"]

1. d4 g6 2. c4 Bg7 3. Nc3 d6 4. e4 c5 5. d5 Bxc3+ 6. bxc3 e5 7. Bd3 Nd7 8. Ne2 h5 9. h4 Qe7 10. Be3 f5 11. exf5 e4 12. Bg5 Ndf6 13. Bc2 Bxf5 14. Ba4+ Kf8 15. O-O Rh7 16. f3 Rf7 17. fxe4 Bg4 18. Qd2 Kg7 19. Ng3 Raf8 20. Rae1 Qc7 21. e5 dxe5 22. d6 Qa5 23. Bc2 Nd7 24. Rxf7+ Rxf7 25. Qd3 Bf5 26. Nxf5+ gxf5 27. Rf1 e4 28. Qg3 Kf8 29. Bd1 Ndf6 30. Rxf5 Qb6 31. Qf4 Qb1 32. Bxf6 Qxd1+ 33. Kh2 Ke8 34. Re5+ Kf8 35. Bg7+ Kxg7 36. Qg5+ Kh7 37. Rd5 Qe2 38. d7 Nh6 39. Qxh6+ Kxh6 40. d8=Q Qg4 41. Qh8+ Kg6 42. Rg5+ Qxg5 43. hxg5 Kxg5 44. Qe5+ Kh6 45. Qxc5 Kg6 46. Qe5 1-0

[Event "3rd Sunway Formentera-A 2024"]
[Site "Formentera"]
[Date "2024.04.13"]
[Round "5.7"]
[White "Prado, Alexandra"]
[Black "Jacobson, Aaron"]
[Result "0-1"]
[ECO "B26"]
[WhiteElo "1839"]
[BlackElo "2431"]
[Annotator "RC"]
[PlyCount "58"]
[EventDate "2024.04.03"]
[EventType "swiss"]
[EventCountry "ESP"]
[SourceTitle "playchess.com"]
[Source "ChessBase"]
[SourceQuality "1"]
[TimeControl "40/5400+30:1800+30"]

1. e4 c5 2. Nc3 Nc6 3. g3 g6 4. Bg2 Bg7 5. d3 d6 6. Be3 Nf6 7. h3 Rb8 8. f4 O-O 9. Nf3 b5 10. Qd2 b4 11. Ne2 Nd7 12. c3 a5 13. O-O a4 14. d4 Ba6 15. Rfd1 a3 16. bxa3 Bxe2 17. Qxe2 bxc3 18. e5 Qa5 19. Rac1 Nb6 20. dxc5 dxc5 21. Qf2 Na4 22. Ng5 Rb2 23. Qf3 Nd4 24. Bxd4 cxd4 25. Rxd4 Qb6 26. Qd5 Rxg2+ 27. Kxg2 Qb2+ 28. Kf3 Qxc1 29. Kg4 c2 0-1

[Event "3rd Sunway Formentera-A 2024"]
[Site "Formentera"]
[Date "2024.04.13"]
[Round "5.8"]
[White "Nardelli, Marco"]
[Black "Schulman, Julia"]
[Result "1/2-1/2"]
[ECO "B73"]
[WhiteElo "2078"]
[BlackElo "1732"]
[Annotator "NA RC"]
[PlyCount "36"]
[EventDate "2024.04.03"]
[EventType "swiss"]
[EventCountry "ESP"]
[SourceTitle "playchess.com"]
[Source "ChessBase"]
[SourceQuality "1"]
[TimeControl "40/5400+30:1800+30"]

1. e4 c5 2. Nf3 d6 3. d4 cxd4 4. Nxd4 Nf6 5. Nc3 g6 6. Be2 Bg7 7. O-O O-O 8. Be3 Nc6 9. h3 d5 10. exd5 Nxd5 11. Nxd5 Nxd4 12. Bxd4 Qxd5 13. Bxg7 Qxd1 14. Rfxd1 Kxg7 15. Bf3 Rb8 16. c4 h5 17. c5 Be6 18. b4 Rfc8 1/2-1/2

[Event "3rd Sunway Formentera-A 2024"]
[Site "Formentera"]
[Date "2024.04.13"]
[Round "5.9"]
[White "Botez, Alexandra"]
[Black "Serikbay, Assel"]
[Result "0-1"]
[ECO "D30"]
[WhiteElo "1970"]
[BlackElo "2109"]
[Annotator "RC"]
[PlyCount "122"]
[EventDate "2024.04.03"]
[EventType "swiss"]
[EventCountry "ESP"]
[SourceTitle "playchess.com"]
[Source "ChessBase"]
[SourceQuality "1"]
[TimeControl "40/5400+30:1800+30"]

1. d4 d5 2. c4 e6 3. Nf3 Nf6 4. cxd5 exd5 5. h3 Bd6 6. Nc3 c6 7. e3 Bf5 8. Bd3 Bxd3 9. Qxd3 Nbd7 10. O-O O-O 11. e4 dxe4 12. Nxe4 Nxe4 13. Qxe4 Re8 14. Qd3 Qa5 15. Qb3 Qc7 16. Bd2 Nf6 17. Rfe1 Ne4 18. Qc2 f5 19. Bc3 Qf7 20. Nd2 Nxd2 21. Qxd2 Red8 22. Qc2 Rd7 23. a4 Rad8 24. a5 Qd5 25. Re3 f4 26. Re4 Rf8 27. f3 c5 28. Kh1 c4 29. Rae1 b5 30. axb6 axb6 31. Re8 Rd8 32. Rxd8 Rxd8 33. Qe4 Bc7 34. Ra1 Qxe4 35. fxe4 b5 36. d5 Bb6 37. Ra6 Be3 38. Kh2 Kf7 39. Ra5 Rb8 40. e5 Bc5 41. h4 Kg6 42. d6 Kf7 43. h5 Ke6 44. Kh3 Be3 45. Bb4 Bd4 46. Bc3 Be3 47. d7 Kxd7 48. e6+ Kxe6 49. Bxg7 Kd5 50. Kg4 Ke4 51. h6 b4 52. Re5+ Kd3 53. Re7 Rb6 54. Rd7+ Ke2 55. Kh5 Rg6 56. Rc7 Rxg2 57. Bf6 f3 58. Bh4 f2 59. Bxf2 Rxf2 60. Rxc4 Rh2+ 61. Kg4 Bd2 0-1

[Event "3rd Sunway Formentera-A 2024"]
[Site "Formentera"]
[Date "2024.04.13"]
[Round "5.10"]
[White "Kazarian, Anna-Maja"]
[Black "Song, Yuxin"]
[Result "0-1"]
[ECO "A40"]
[WhiteElo "2207"]
[BlackElo "2379"]
[Annotator "RC"]
[PlyCount "60"]
[EventDate "2024.04.03"]
[EventType "swiss"]
[EventCountry "ESP"]
[SourceTitle "playchess.com"]
[Source "ChessBase"]
[SourceQuality "1"]
[TimeControl "40/5400+30:1800+30"]

1. e4 c5 2. Nf3 Nc6 3. d4 cxd4 4. Nxd4 Qb6 5. Nb3 g6 6. c4 Bg7 7. Nc3 Bxc3+ 8. bxc3 Nf6 9. Be3 Qc7 10. Bd3 Ne5 11. Qe2 b6 12. a4 Ba6 13. Nd2 d5 14. Bd4 Nxd3+ 15. Qxd3 e5 16. Qg3 Nd7 17. exd5 Rc8 18. a5 Bxc4 19. axb6 axb6 20. d6 Qc6 21. Bxe5 O-O 22. f4 f6 23. Bd4 Rfe8+ 24. Kd1 Be2+ 25. Kc2 Qxd6 26. Ra4 Bb5 27. Kb3 Bxa4+ 28. Kxa4 Nc5+ 29. Kb5 Qc6+ 30. Kb4 Qa4# 0-1